[Event "Chhattisgarh Masters GM 2022"]
[Site "Chhattisgarh"]
[Date "2022.09.21"]
[Round "3.20"]
[White "Luong Phuong Hanh"]
[Black "Sourath Biswas"]
[Result "1-0"]
[ECO "A49"]
[WhiteElo "2056"]
[BlackElo "2302"]
[Annotator "TA"]
[PlyCount "121"]
[EventDate "2022.09.19"]
[EventCountry "IND"]
[SourceTitle "playchess.com"]
[Source "ChessBase"]
[SourceQuality "1"]
[TimeControl "5400+30"]

1. d4 Nf6 2. Nf3 g6 3. g3 Bg7 4. Bg2 O-O 5. O-O d6 6. a4 Na6 7. Re1 {[%emt 0:00:32] A49: 1 d4 Nf6 2 Nf3 g6 3 g3: Anti-King's Indian systems.} Bf5 8. Nc3 d5 {[%emt 0:00:06] Against e4} 9. Nh4 {[%emt 0:00:26] [#] The position is equal.} Bg4 $146 ({Predecessor:} 9... Be6 10. e4 dxe4 11. Nxe4 Nxe4 12. Bxe4 Bd5 13. Bxd5 Qxd5 14. Rxe7 Qxd4 15. Qxd4 Bxd4 {½-½ (30) Cosma,E (2337)-Makropoulou,M (2245) Braila 2009}) 10. Bg5 c6 11. Qd2 Re8 12. e4 dxe4 13. Nxe4 Nxe4 (13... Qd7 {feels hotter.} 14. Bh6 Rad8 15. c3 Nxe4 16. Rxe4 Bf6) 14. Rxe4 Be6 (14... f5 $5 15. Re6 Nc7 $15) 15. Rae1 Nc7 16. c3 Nd5 (16... Bf6 $11) 17. c4 Nf6 (17... Nc7 $1 $14) 18. Rxe6 $16 fxe6 19. Bh3 $1 (19. Rxe6 $6 Qd7 20. Bh3 Ne4 21. Rxe4 Qxh3 $11) 19... Rf8 20. Bxe6+ Kh8 21. d5 cxd5 22. cxd5 Qb6 $2 (22... Qe8 $16) 23. Be3 $2 {[%emt 0:00:56] This bishop pair is nice.} (23. g4 $18) 23... Ne4 $14 {[%emt 0:01:20][%csl LRb2,LRd2] [#]} 24. Qc2 (24. Qd3 $1 $16 Qb4 25. Rc1) 24... Qb4 $11 25. Re2 b6 $1 26. Bxb6 Nxg3 27. hxg3 Qxb6 28. Kg2 Qd4 29. Nf3 Qf6 (29... Qb4 $11 {keeps the balance.}) 30. Ne5 $16 {[%emt 0:11:19] Active counter play!} Rab8 31. f4 g5 32. Nd7 $1 Qh6 {[%emt 0:00:03] [#]} 33. fxg5 ({Much worse is} 33. Nxb8 $6 gxf4 34. Rf2 (34. Nd7 $2 f3+ 35. Kg1 fxe2 $19) 34... Rxb8 35. Rxf4 Qxf4 36. gxf4 Rxb2 $11) 33... Qh5 34. Nxb8 {[%emt 0:03:18] Chess con chili.} Qf3+ 35. Kh2 Qh5+ 36. Bh3 Rxb8 37. b4 $1 ({But not} 37. Rxe7 $2 Rxb2 38. Qxb2 Bxb2 $19) 37... Qxg5 38. Qc7 {[%emt 0:03:51] Prevents Be5.} Rf8 (38... Rg8 $14) 39. Qxa7 $18 Rf3 40. Qb8+ Rf8 41. Qc7 Bf6 42. b5 {[%emt 0:16:24] Hoping for b6.} Qxd5 43. b6 ({Better is} 43. Qf4 $18) 43... Qd1 $2 (43... Qf3 $16 {might work better.} 44. Rg2 Qe3) 44. Qc2 Qa1 (44... Qd5 45. Qd2 Qb3) 45. b7 {[%emt 0:00:00] aiming for Qc8. White is clearly winning.} Bd4 46. Bg2 Bg1+ 47. Kh3 Qg7 48. Qe4 Ba7 49. Qxe7 Qh6+ 50. Qh4 Qg6 51. Be4 Qe6+ 52. Kh2 Qf7 53. Rc2 Bb8 {[%emt 0:00:00] [#]} 54. Qxh7+ $1 Qxh7+ 55. Bxh7 Kxh7 {[%emt 0:00:00][%mdl 4096] Endgame KRB-KR} 56. Rc8 Kg7 57. a5 Bd6 58. a6 Rf2+ 59. Kh3 Ra2 60. Ra8 Rb2 61. Rd8 {[%emt 0:00:22] Weighted Error Value: White=0.27 (precise) /Black=0.33} 1-0